 Dungeon Crawl Stone Soup version 0.23.1 (webtiles) character file.

Game seed: 4731094339505182320

11 Irenicus the Grave Robber (level 2, -6/22 HPs)
             Began as a Deep Dwarf Necromancer on Mar 18, 2019.
             Mangled by a gnoll
             ... wielding a +0 club
              (7 damage)
             ... on level 1 of the Dungeon.
             The game lasted 00:01:43 (200 turns).

Irenicus the Grave Robber (Deep Dwarf Necromancer)   Turns: 200, Time: 00:01:43

Health: -6/22      AC:  2    Str: 11    XL:     2   Next: 13%
Magic:  0/4        EV: 12    Int: 15    God:
Gold:   0          SH:  0    Dex: 13    Spells: 3/4 levels left

rFire    . . .     SeeInvis .   b - +0 dagger
rCold    . . .     Gourm    .   (no shield)
rNeg     . . .     Faith    .   a - +0 robe
rPois    .         Spirit   .   (no helmet)
rElec    .         Reflect  .   (no cloak)
rCorr    .         Harm     .   (no gloves)
MR       .....                  (no boots)
Stlth    ++........             (no amulet)
HPRegen  0.00/turn              (no ring)
MPRegen  0.09/turn              (no ring)

@: non-regenerating
A: damage resistance, heal wounds, sense surroundings 1, no regeneration
a: Heal Wounds


You were on level 1 of the Dungeon.
You were not hungry.

You visited 1 branch of the dungeon, and saw 1 of its levels.

Inventory:

Hand Weapons
 b - a +0 dagger (weapon)
   (You took it off a goblin on level 1 of the Dungeon)
Armour
 a - a +0 robe (worn)
Scrolls
 d - 3 scrolls of remove curse {unknown}
 e - a scroll of blinking {unknown}
Comestibles
 c - a ration


   Skills:
 - Level 2.1 Dodging
 - Level 2.4 Stealth
 - Level 1.7 Spellcasting
 + Level 5.0 Necromancy


You had 3 spell levels left.
You knew the following spells:

 Your Spells              Type           Power        Failure   Level  Hunger
a - Pain                  Necr           ###.         3%          1    ##.....

Your spell library contained the following spells:

 Spells                   Type           Power        Failure   Level  Hunger
 Animate Skeleton         Necr           N/A          3%          1    ##.....
 Vampiric Draining        Necr           ###.......   9%          3    ####...
 Animate Dead             Necr           N/A          28%         4    #####..
 Regeneration             Chrm/Necr      Unusable     N/A         3    N/A

Dungeon Overview and Level Annotations

Branches:
Dungeon (1/15)

Altars:


Innate Abilities, Weirdness & Mutations

You are resistant to damage.
You can heal yourself by infusing magical energy.
You passively map a small area around you.
You do not regenerate.


Message History

Wield which item (- for none, * to show all)? (? for menu, Esc to quit)
b - a +0 dagger (weapon)
The bat hits you but does no damage. The bat hits you but does no damage.
The bat closely misses you.
You hit the bat.
You kill the bat!
You open the door.
A goblin comes into view.
Aim: a goblin (chance to defeat MR: 85%)
The goblin writhes in agony.
You now have 1/3 mp.
Aim: a goblin (moderately wounded, chance to defeat MR: 85%)
The goblin writhes in agony.
You kill the goblin!
You now have 0/3 mp.
A frilled lizard comes into view.
The jackal barks!
The frilled lizard hisses angrily.
You see here a club.
You see here a scroll labeled UJYALE HUOPP.
Aim: a jackal (chance to defeat MR: 87%)
The jackal barely resists.
The jackal bites you. The jackal closely misses you.
You take 2 damage, and have 13/15 hp.
You now have 0/3 mp.
d - a scroll labeled UJYALE HUOPP The jackal misses you.
The frilled lizard barely misses you. The frilled lizard closely misses you.
The jackal bites you.
You take 1 damage, and have 12/15 hp.
The frilled lizard closely misses you.
You closely miss the jackal. The jackal closely misses you.
The frilled lizard misses you. The jackal bites you.
A kobold comes into view. It is wielding a +0 dagger.
The jackal closely misses you.
You hit the jackal. The jackal barely misses you.
The jackal bites you but does no damage.
You closely miss the jackal. The jackal misses you. x2
Aim: a jackal (moderately wounded, chance to defeat MR: 87%)
The jackal writhes in agony.
You kill the jackal!
You have reached level 2!
You regained 5 hp, and now have 17/22 hp.
You now have 0/4 mp.
You hit the kobold but do no damage. The kobold hits you with a +0 dagger.
You take 3 damage, and have 14/22 hp.
Aim: a kobold, wielding a +0 dagger (chance to defeat MR: 87%)
The kobold writhes in agony.
You kill the kobold!
Your Necromancy skill increases to level 5!
You now have 0/4 mp.
A gnoll comes into view. It is wielding a +0 club.
The gnoll shouts!
You see here a scroll labeled UJYALE HUOPP.
d - 2 scrolls labeled UJYALE HUOPP (gained 1)
The frilled lizard misses you.
The kobold throws a stone.
The stone completely misses you.
The kobold throws a stone.
The stone hits you but does no damage.
You see here a stone.
The kobold throws a stone.
The stone hits you.
You see here a stone.
Aim: a frilled lizard (chance to defeat MR: 87%)
You miscast Pain.
You are very lightly contaminated with residual magic.
You smell decay.
The frilled lizard bites you but does no damage.
You now have 0/4 mp.
The frilled lizard bites you but does no damage.
You see here a scroll labeled UJYALE HUOPP.
d - 3 scrolls labeled UJYALE HUOPP (gained 1)
The frilled lizard bites you.
You take 1 damage, and have 13/22 hp.
Your magical contamination has completely faded away.
Aim: a frilled lizard (chance to defeat MR: 87%)
The frilled lizard writhes in agony.
You kill the frilled lizard!
You now have 1/4 mp.
Aim: a gnoll, wielding a +0 club (chance to defeat MR: 81%)
The gnoll writhes in agony!
The gnoll closely misses you.
You now have 0/4 mp.
The gnoll misses you.
Aim: a gnoll, wielding a +0 club (heavily wounded, chance to defeat MR: 81%)
The gnoll writhes in agony.
You now have 0/4 mp.
The gnoll hits you with a +0 club!
You take 6 damage, and have 7/22 hp.
MASSIVE DAMAGE!!
A bat comes into view.
The bat hits you. The bat barely misses you.
The bat hits you but does no damage. The bat hits you.
You see here a scroll labeled WONOFE SOTINN.
e - a scroll labeled WONOFE SOTINN The bat hits you.
The gnoll hits you with a +0 club!
* * * LOW HITPOINT WARNING * * *
You take 6 damage, and have 1/22 hp.
MASSIVE DAMAGE!!
The bat barely misses you. The bat hits you but does no damage.
The bat closely misses you. The bat barely misses you.
Aim: a gnoll, wielding a +0 club (heavily wounded, chance to defeat MR: 81%)
The gnoll writhes in agony.
The bat closely misses you. The gnoll hits you with a +0 club!
You die...

#### * ...####### # *
##.......###. .# *
.#.#.....##..###. , ##
.#.#............. ...
.#.......#..##.#####...#
.###.†.................#
* .....#.#.#..#.#.#.#b.#
####.#.###......@....# ,
,
......>###..#.#g#.#..#,
, .#.(.#...............#
.#..........#.#.#.#..#,
.#.#.................# *
...#........#.#.#.#..#,
* ...#.................#
, ...#..+...........#..#
.######....######.#..#


You could see a gnoll and a bat.

Vanquished Creatures
  A ball python (D:1)
  2 goblins (D:1)
  2 jackals (D:1)
  A kobold (D:1)
  A bat (D:1)
  2 frilled lizards (D:1)
  A rat (D:1)
10 creatures vanquished.

Notes
Turn   | Place    | Note
-------+----------+-------------------------------------------
     0 | D:1      | Irenicus the Deep Dwarf Necromancer began the quest for the
                  | Orb.
     0 | D:1      | Reached XP level 1. HP: 15/15 MP: 3/3
   133 | D:1      | Reached XP level 2. HP: 17/22 MP: 0/4
   145 | D:1      | Reached skill level 5 in Necromancy
   197 | D:1      | HP: 1/22 [gnoll/+0 club (6)]
   200 | D:1      | Mangled by a gnoll

Skill      XL: |  1  2 |
---------------+-------+-----
Necromancy     | 5 |  5.0
Dodging        | |  2.1
Stealth        | |  2.4
Spellcasting   | |  1.7

Action                   || total
-------------------------++-------
Melee: Unarmed           ||    17
       Dagger            ||     5
 Cast: Pain              ||    17
Armor: Robe              ||    15
Dodge: Dodged            ||    40

Levels and vault maps discovered:
D:1:      scummos_arrival_hexagon, layout_basic, serial_co_window_serial,
          co_window_paths_a, co_window_paths_a, co_window_paths_a,
          co_window_paths_a, co_window_corner_a, co_window_corner_ca,
          co_window_corner_b, co_window_unsneaky_path_c, co_window_cross_4,
          co_window_cross_4, co_window_of_opportunity_b, glass_columns_c,
          glass_columns_a, glass_columns_c, glass_columns_c, glass_columns_c

Table legend:
 A = Turns spent in this place as a percentage of turns spent in the entire game.
 B = Non-inter-level travel turns spent in this place as a percentage of non-inter-level travel turns spent in the entire game.
 C = Inter-level travel turns spent in this place as a percentage of turns spent in this place.
 D = Turns resting spent in this place as a percentage of non-inter-level travel turns spent in this place.
 E = Turns spent auto-exploring this place as a percentage of non-inter-level travel turns spent in this place.
 F = Non-inter-level travel turns spent in this place divided by the number of levels of this place that you've seen.
                   A       B       C       D       E      F
               +-------+-------+-------+-------+-------+----------------------
         Total | 100.0 | 100.0 |   0.0 |   0.0 |   0.0 | 200.0
       Dungeon | 100.0 | 100.0 |   0.0 |   0.0 |   0.0 | 200.0
               +-------+-------+-------+-------+-------+----------------------

Table legend:
 A = Kills in this place as a percentage of kills in entire the game.
 B = Kills by you in this place as a percentage of kills by you in the entire game.
 C = Kills by friends in this place as a percentage of kills by friends in the entire game.
 D = Other kills in this place as a percentage of other kills in the entire game.
 E = Experience gained in this place as a percentage of experience gained in the entire game.
 F = Experience gained in this place divided by the number of levels of this place that you have seen.
                   A       B       C       D       E      F
               +-------+-------+-------+-------+-------+----------------------
         Total | 100.0 | 100.0 |   N/A |   N/A | 100.0 |  16.0
       Dungeon | 100.0 | 100.0 |   N/A |   N/A | 100.0 |  16.0
               +-------+-------+-------+-------+-------+----------------------
